 Dungeon Sprint DCSS version 0.23-a0-890-gc183402 (webtiles) character file.

Game seed: 11258240626970384437

42452 galech the Severer (level 13, -7/118 HPs)
             Began as a Demonspawn Fighter on Jan 28, 2019.
             Was the Champion of Okawaru.
             Killed from afar by a lich (31 damage)
             ... with a bolt of lightning
             ... in the Dungeon (Sprint IX: "|||||||||||||||||||||||||||||").
             The game lasted 00:16:46 (6875 turns).

galech the Severer (Demonspawn Fighter)             Turns: 6875, Time: 00:16:48

Health: -7/118     AC: 36    Str: 14    XL:     13   Next: 85%
Magic:  16/16      EV: 11    Int: 13    God:    Okawaru [******]
Gold:   1409       SH: 17    Dex: 17    Spells: 12/12 levels left

rFire    + . .     SeeInvis .   b - +9 war axe (elec)
rCold    + . .     Gourm    .   I - +3 shield {reflect}
rNeg     . . .     Faith    .   y - +3 plate armour {rPois}
rPois    +         Spirit   .   B - +0 helmet
rElec    .         Reflect  +   N - +2 cloak {+Inv}
rCorr    .         Harm     .   M - +2 pair of gloves {archery}
MR       .....     NoTele   +   (no boots)
Stlth    ..........             (no amulet)
HPRegen  0.29/turn              r - +2 ring of evasion
MPRegen  0.15/turn              s - +2 ring of protection

@: no status effects
A: hooves 1, iridescent scales 3, clever 1, cold resistance 1, demonic guardian
2, fire resistance 1, low mp 1, weak 1, freezing cloud immunity
a: Heroism, Finesse, Renounce Religion, Evoke Invisibility


You were in the Dungeon.
You worshipped Okawaru.
Okawaru was exalted by your worship.
You were not hungry.

You visited 1 branch You collected 1923 gold pieces.
You spent 514 gold pieces at shops.

Inventory:

Hand Weapons
 a - a +0 war axe
 b - a +9 war axe of electrocution (weapon)
 p - a +1 broad axe of chopping
 w - a +2 vampiric hand axe
 D - a +3 broad axe
Armour
 c - +1 fire dragon scales
 q - a +1 cloak of magic resistance
 u - a +4 chain mail
 x - a scarf of resistance
 y - a +3 plate armour of poison resistance (worn)
 B - a +0 helmet (worn)
 I - a +3 shield of reflection (worn)
 J - +0 acid dragon scales
 M - a +2 pair of gloves of archery (worn)
 N - a +2 cloak of invisibility (worn)
 O - the +1 plate armour of Rexy {rPois MR++ Dex-2}
   (Okawaru gifted it to you in the Dungeon)

   It affects your dexterity (-2).
   It protects you from poison.
   It affects your resistance to hostile enchantments.
Jewellery
 r - a +2 ring of evasion (left hand)
 s - a +2 ring of protection (right hand)
 E - an uncursed ring of ice
 F - an uncursed ring of protection from cold
 G - an uncursed ring of poison resistance
 H - an uncursed ring of see invisible
Wands
 o - a wand of acid (10)
 z - a wand of iceblast (4)
 C - a wand of random effects (12)
 P - a wand of flame (21)
Scrolls
 k - 4 scrolls of blinking
 m - 3 scrolls of remove curse
 n - 2 scrolls of amnesia
 v - 2 scrolls of fog
 L - a scroll of enchant weapon
Potions
 d - 2 potions of might
 e - 7 potions of curing
 g - 6 potions of heal wounds
 h - a potion of haste
 i - 4 potions of magic
 j - a potion of berserk rage
 l - a potion of invisibility
 t - a potion of mutation
 A - a potion of flight
 K - 2 potions of brilliance
Comestibles
 f - 11 rations
 Q - 5 chunks of flesh


   Skills:
 + Level 16.2 Fighting
 + Level 19.1 Axes
 + Level 15.1 Armour
 + Level 7.7 Dodging
 + Level 3.8 Stealth
 + Level 16.9 Shields
 + Level 7.0 Invocations


You had 12 spell levels left.
You didn't know any spells.
Your spell library was empty.

Dungeon Overview and Level Annotations

Branches:
Dungeon (1/1)

Altars:
Cheibriados
Dithmenos
Elyvilon
Fedhas
Gozag
Hepliaklqana
Kikubaaqudgha
Makhleb
Nemelex Xobeh
Okawaru
Qazlal
Ru
Sif Muna
Trog
Uskayaw
Vehumet
Wu Jian
Xom
Yredelemnul
Zin
The Shining One
Beogh
Jiyva
Lugonu

Shops:
D !!*[


Innate Abilities, Weirdness & Mutations

You have large cloven feet.
You are completely covered in iridescent scales. (AC +6)
Your flesh is cold resistant. (rC+)
A demonic guardian rushes to your aid.
You are immune to freezing clouds.
Your mind is acute. (Int +2)
Your flesh is heat resistant. (rF+)
Your magical capacity is low. (-10% MP)
You are weak. (Str -2)


Message History

This raw flesh tastes terrible.
HP restored.
There is an open door to the Dungeon here.
A lich comes into view.
The lich shouts!
You hear a shout!
The lich gestures at you while chanting.
You barely resist.
An ettin comes into view. It is wielding two +0 dire flails.
The ettin shouts in stereo!
The lich conjures a glowing orb.
An orb of destruction comes into view.
A spriggan air mage comes into view.
A yaktaur captain comes into view.
The yaktaur captain shouts!
You hear a shout!
The orb of destruction hits you!!!!
Ouch! That really hurt!
* * * LOW HITPOINT WARNING * * *
The lich points at you and mumbles some strange words.
The bolt of lightning hits you!!
You die...

▓▓▓▓▓▓▓▓▓▓▓▓▓▓▓▓▓▓▓▓▓▓▓▓
.........'...3..@☼○○LCic
▓▓▓▓▓▓▓▓▓▓▓▓▓▓▓▓▓▓▓▓▓▓▓▓▓▓▓▓▓▓▓▓▓
.........)..........).....(.)....
▓▓▓▓▓▓▓▓▓▓▓▓▓▓▓▓▓▓▓▓▓▓▓▓▓▓▓♣♣♣♣♣♣
....÷..'.........'...†.....'.).÷.
▓▓▓▓▓▓▓▓▓▓▓▓▓▓▓▓▓▓▓▓▓▓▓▓▓▓▓♣♣♣♣♣♣
).......[.)................).....
▓▓▓▓▓▓▓▓▓▓▓▓▓▓▓▓▓▓▓▓▓▓▓▓▓▓▓▓▓▓▓▓▓
.'.....)).)))))..[[[[[.[........(


You could see a lich, a yaktaur captain, an ettin, a spriggan air mage and a
friendly smoke demon.

Vanquished Creatures
  Saint Roka (D)
  A thorn hunter (D)
  A nagaraja (D)
  An emperor scorpion (D)
  A very ugly thing (D)
  3 ettins (D)
  2 great orbs of eyes (D)
  Erolcha (D)
  A naga warrior (D)
  An ice dragon (D)
  2 alligators (D)
  An alligator snapping turtle (D)
  2 anacondas (D)
  A centaur warrior (D)
  2 deep troll earth magi (D)
  A tengu warrior (D)
  A shock serpent (D)
  A glowing orange brain (D)
  A naga ritualist (D)
  An orc knight (D)
  2 ugly things (D)
  2 orb spiders (D)
  A necromancer (D)
  6 orc sorcerers (D)
  2 manticores (D)
  Joseph (D)
  Maurice (D)
  A merfolk siren (D)
  A black mamba (D)
  A naga mage (D)
  3 spiny frogs (D)
  A torpor snail (D)
  4 komodo dragons (D)
  A demonic crawler (D)
  A tengu conjurer (D)
  A tyrant leech (D)
  2 merfolk (D)
  A blink frog (D)
  A snapping turtle (D)
  4 hippogriffs (D)
  3 redbacks (D)
  A shadow (D)
  A wraith (D)
  A yak (D)
  2 vampire mosquitoes (D)
  A hungry ghost (D)
  A warg (D)
  A swamp drake (D)
  7 orc warriors (D)
  3 porcupines (D)
  A wolf (D)
  A big kobold (D)
  2 bullfrogs (D)
  A killer bee (D)
  A crimson imp (D)
  7 orc wizards (D)
  4 orc priests (D)
  A worker ant (D)
  A gnoll (D)
  4 oozes (D)
  11 orcs (D)
  2 bat zombies (D)
  A giant cockroach (D)
  A hobgoblin (D)
  A quokka (D)
  A ball python skeleton (D)
  A quokka skeleton (D)
  3 briar patches (D)
128 creatures vanquished.

Vanquished Creatures (collateral kills)
  A lich (D)
  A nagaraja (D)
  A catoblepas (D)
  A hydra (D)
  A centaur warrior (D)
  A deep troll shaman (D)
  A spriggan berserker (D)
  A swamp dragon (D)
  A sea snake (D)
  3 orc knights (D)
  An orb spider (D)
  An orc sorcerer (D)
  A cyclops (D)
  A merfolk siren (D)
  2 tyrant leeches (D)
  A hornet (D)
  A spriggan (D)
  A warg (D)
  A porcupine (D)
  An orc warrior (D)
  An ice beast (D)
  A crocodile (D)
  A bullfrog (D)
  4 orcs (D)
30 creatures vanquished.

Vanquished Creatures (others)
  An alligator (D)
  A bog body (D)
  An orc wizard (D)
3 creatures vanquished.

Grand Total: 161 creatures vanquished

Notes
Turn   | Place    | Note
-------+----------+-------------------------------------------
     0 | D        | galech the Demonspawn Fighter began the quest for the Orb.
     0 | D        | Reached XP level 1. HP: 18/18 MP: 1/1
     5 | D        | Reached skill level 2 in Axes
     8 | D        | Gained mutation: You are partially covered in iridescent
                  | scales. (AC +2) [demonic ancestry]
     8 | D        | Reached XP level 2. HP: 25/25 MP: 2/2
   248 | D        | Noticed a crimson imp
   262 | D        | Reached XP level 3. HP: 31/31 MP: 3/3
   275 | D        | Reached skill level 3 in Axes
   312 | D        | Found a roughly hewn altar of Beogh.
   312 | D        | Found a snail-covered altar of Cheibriados.
   312 | D        | Found a shadowy altar of Dithmenos.
   312 | D        | Found a white marble altar of Elyvilon.
   312 | D        | Found a blossoming altar of Fedhas.
   312 | D        | Found an opulent altar of Gozag.
   313 | D        | Found a hazy altar of Hepliaklqana.
   314 | D        | Found a viscous altar of Jiyva.
   315 | D        | Found an ancient bone altar of Kikubaaqudgha.
   316 | D        | Found a corrupted altar of Lugonu.
   317 | D        | Found a burning altar of Makhleb.
   318 | D        | Found a sparkling altar of Nemelex Xobeh.
   319 | D        | Found an iron altar of Okawaru.
   320 | D        | Found a stormy altar of Qazlal.
   321 | D        | Found a sacrificial altar of Ru.
   322 | D        | Found a deep blue altar of Sif Muna.
   323 | D        | Found a bloodstained altar of Trog.
   324 | D        | Found a hide-covered altar of Uskayaw.
   325 | D        | Found a radiant altar of Vehumet.
   326 | D        | Found an ornate altar of the Wu Jian Council.
   327 | D        | Became a worshipper of Warmaster Okawaru
   328 | D        | Found a shimmering altar of Xom.
   329 | D        | Found a basalt altar of Yredelemnul.
   330 | D        | Found a glowing silver altar of Zin.
   331 | D        | Found a glowing golden altar of the Shining One.
   380 | D        | Noticed a big kobold
   380 | D        | Noticed a killer bee
   386 | D        | Gained mutation: A weak demonic guardian rushes to your
                  | aid. [demonic ancestry]
   386 | D        | Reached XP level 4. HP: 38/38 MP: 4/4
   419 | D        | Killed a big kobold
   419 | D        | Reached skill level 5 in Fighting
   419 | D        | Reached skill level 5 in Axes
   419 | D        | Reached skill level 1 in Dodging
   419 | D        | Reached skill level 5 in Shields
   421 | D        | Gained mutation: A demonic guardian rushes to your aid.
                  | [demonic ancestry]
   421 | D        | Reached XP level 5. HP: 41/44 MP: 5/5
   436 | D        | Reached skill level 6 in Axes
   697 | D        | Noticed a cyclops
   697 | D        | Noticed an ice beast
   697 | D        | Noticed a centaur warrior
   697 | D        | Noticed a catoblepas
   787 | D        | Killed a cyclops
   787 | D        | Reached * piety under Okawaru
   787 | D        | Reached skill level 7 in Axes
   787 | D        | Reached skill level 5 in Armour
   787 | D        | Reached XP level 6. HP: 48/52 MP: 6/6
   820 | D        | Reached ** piety under Okawaru
   820 | D        | Reached skill level 8 in Axes
   828 | D        | Killed an ice beast
   862 | D        | Killed a centaur warrior
   862 | D        | Reached *** piety under Okawaru
   862 | D        | Reached **** piety under Okawaru
   862 | D        | Reached skill level 9 in Axes
   862 | D        | Gained mutation: You have large cloven feet. [demonic
                  | ancestry]
   862 | D        | Reached XP level 7. HP: 29/59 MP: 7/7
  1050 | D        | Killed a catoblepas
  1050 | D        | Reached skill level 10 in Axes
  1050 | D        | Gained mutation: Your flesh is cold resistant. (rC+)
                  | [demonic ancestry]
  1050 | D        | Reached XP level 8. HP: 67/67 MP: 8/8
  1189 | D        | Gained mutation: Your flesh is heat resistant. (rF+)
                  | [potion of mutation]
  1189 | D        | Gained mutation: You are weak. (Str -2) [potion of
                  | mutation]
  1189 | D        | Gained mutation: Your magical capacity is low. (-10% MP)
                  | [potion of mutation]
  1189 | D        | Gained mutation: Your mind is acute. (Int +2) [potion of
                  | mutation]
  1196 | D        | Noticed a hippogriff
  1196 | D        | Noticed a spiny frog
  1196 | D        | Noticed a hippogriff
  1196 | D        | Noticed a komodo dragon
  1200 | D        | Killed a hippogriff
  1200 | D        | Reached ***** piety under Okawaru
  1205 | D        | Killed a spiny frog
  1205 | D        | Reached skill level 11 in Axes
  1209 | D        | Killed a hippogriff
  1210 | D        | Received a gift from Okawaru
  1215 | D        | Gained mutation: You are mostly covered in iridescent
                  | scales. (AC +4) [demonic ancestry]
  1215 | D        | Reached XP level 9. HP: 53/74 MP: 6/8
  1217 | D        | Killed a komodo dragon
  1217 | D        | Reached skill level 12 in Axes
  1217 | D        | Reached skill level 10 in Shields
  1217 | D        | Reached skill level 1 in Invocations
  1405 | D        | Noticed a komodo dragon
  1405 | D        | Noticed a komodo dragon
  1408 | D        | Killed a komodo dragon
  1409 | D        | Noticed a komodo dragon
  1413 | D        | Noticed a five-headed hydra
  1420 | D        | Killed a komodo dragon
  1420 | D        | Reached skill level 13 in Axes
  1424 | D        | Killed a komodo dragon
  1446 | D        | Killed a five-headed hydra
  1446 | D        | Reached skill level 1 in Stealth
  1446 | D        | Gained mutation: You are immune to freezing clouds.
                  | [demonic ancestry]
  1446 | D        | Reached XP level 10. HP: 72/83 MP: 10/10
  1516 | D        | Noticed a spiny frog
  1516 | D        | Noticed a spiny frog
  1526 | D        | Killed a spiny frog
  1526 | D        | Reached ****** piety under Okawaru
  1532 | D        | Killed a spiny frog
  1532 | D        | Received a gift from Okawaru
  1532 | D        | Reached skill level 10 in Armour
  1770 | D        | Reached skill level 14 in Axes
  1907 | D        | Got the cursed +2 war axe "Dragon's Curse" {freeze, rN+
                  | Stlth+}
  1955 | D        | Noticed Erolcha
  1970 | D        | Killed Erolcha
  2046 | D        | Reached skill level 10 in Fighting
  2047 | D        | Noticed an orc knight
  2064 | D        | Killed an orc knight
  2064 | D        | Reached skill level 5 in Dodging
  2182 | D        | Noticed an orc knight
  2182 | D        | Noticed an orc knight
  2182 | D        | Noticed an orc knight
  2224 | D        | Killed an orc knight
  2227 | D        | Killed an orc knight
  2248 | D        | Killed an orc knight
  2253 | D        | Reached skill level 15 in Axes
  2393 | D        | Reached XP level 11. HP: 92/92 MP: 11/11
  2426 | D        | Found Meanegei's Distillery.
  2426 | D        | Noticed an orc sorcerer
  2426 | D        | Noticed an orc sorcerer
  2426 | D        | Noticed an orc sorcerer
  2426 | D        | Noticed an orc sorcerer
  2427 | D        | Noticed an orc sorcerer
  2432 | D        | Paralysed by an orc sorcerer for 6 turns
  2439 | D        | Killed an orc sorcerer
  2490 | D        | Killed an orc sorcerer
  2490 | D        | Received a gift from Okawaru
  2519 | D        | Killed an orc sorcerer
  2522 | D        | Killed an orc sorcerer
  2533 | D        | Killed an orc sorcerer
  2919 | D        | Found Owuif's Distillery.
  2923 | D        | Found Gyntol's Assorted Antiques.
  2926 | D        | Found Fipleel's Antique Armour Shoppe.
  2927 | D        | Noticed an orc sorcerer
  2929 | D        | Noticed an orc sorcerer
  2936 | D        | Killed an orc sorcerer
  2940 | D        | Killed an orc sorcerer
  3555 | D        | Bought a potion of heal wounds for 65 gold pieces
  3555 | D        | Bought a potion of curing for 39 gold pieces
  3555 | D        | Bought a potion of might for 52 gold pieces
  3555 | D        | Bought 2 potions of curing for 78 gold pieces
  3557 | D        | Bought a potion of heal wounds for 50 gold pieces
  3557 | D        | Bought a potion of haste for 100 gold pieces
  3557 | D        | Bought a potion of mutation for 80 gold pieces
  3557 | D        | Bought a potion of heal wounds for 50 gold pieces
  3587 | D        | Noticed Maurice
  3594 | D        | Killed Maurice
  3594 | D        | Reached skill level 16 in Axes
  3759 | D        | Noticed a centaur warrior
  3767 | D        | Noticed a tengu warrior
  3772 | D        | Killed a centaur warrior
  3776 | D        | Noticed a great orb of eyes
  3784 | D        | Noticed a necromancer
  3788 | D        | Killed a tengu warrior
  3789 | D        | Noticed a brown ugly thing
  3789 | D        | Noticed a deep troll shaman
  3793 | D        | Noticed an ice dragon
  3794 | D        | Killed a great orb of eyes
  3796 | D        | Noticed a lich
  3797 | D        | Killed a necromancer
  3801 | D        | Noticed a great orb of eyes
  3804 | D        | Killed a brown ugly thing
  3811 | D        | Paralysed by a lich for 5 turns
  3818 | D        | Killed a lich
  3818 | D        | Received a gift from Okawaru
  3818 | D        | Reached skill level 17 in Axes
  3818 | D        | Gained mutation: You are completely covered in iridescent
                  | scales. (AC +6) [demonic ancestry]
  3818 | D        | Reached XP level 12. HP: 37/103 MP: 11/13
  3862 | D        | Killed a deep troll shaman
  3884 | D        | Killed an ice dragon
  3888 | D        | Killed a great orb of eyes
  4265 | D        | Noticed Saint Roka
  4310 | D        | Killed Saint Roka
  4607 | D        | Noticed a nagaraja
  4607 | D        | Noticed a nagaraja
  4607 | D        | Noticed an anaconda
  4637 | D        | Killed a nagaraja
  4664 | D        | Noticed an anaconda
  4672 | D        | Killed a nagaraja
  4672 | D        | Reached skill level 18 in Axes
  4713 | D        | Killed an anaconda
  4713 | D        | Received a gift from Okawaru
  4713 | D        | Reached skill level 5 in Invocations
  4718 | D        | Killed an anaconda
  4732 | D        | Got a warped plate armour {god gift}
  4743 | D        | Identified the +1 plate armour of Rexy {rPois MR++ Dex-2}
                  | (Okawaru gifted it to you in the Dungeon)
  5132 | D        | Noticed a naga warrior
  5147 | D        | Killed a naga warrior
  5147 | D        | Reached XP level 13. HP: 97/114 MP: 15/15
  5268 | D        | Noticed an emperor scorpion
  5325 | D        | Killed an emperor scorpion
  5473 | D        | Reached skill level 15 in Shields
  5477 | D        | Noticed a thorn hunter
  5493 | D        | Reached skill level 15 in Fighting
  5608 | D        | Killed a thorn hunter
  5608 | D        | Received a gift from Okawaru
  6240 | D        | Noticed Joseph
  6249 | D        | Killed Joseph
  6300 | D        | Noticed an ettin
  6300 | D        | Noticed an ettin
  6333 | D        | Killed an ettin
  6334 | D        | Noticed a brown very ugly thing
  6359 | D        | Killed a white very ugly thing
  6359 | D        | Reached skill level 19 in Axes
  6408 | D        | Killed an ettin
  6540 | D        | Reached skill level 15 in Armour
  6768 | D        | Noticed an ettin
  6776 | D        | Killed an ettin
  6872 | D        | Noticed a lich
  6873 | D        | Noticed an ettin
  6875 | D        | Killed from afar by a lich

Vault maps used:
D:        linesprint

Skill      XL: |  1  2  3  4  5  6  7  8  9 10 11 12 13 |
---------------+----------------------------------------+-----
Axes           | 2 3 5 7 9 10 11 13 15 17 18 19 | 19.1
Armour         | 3 4 5 6 7 8 9 10 12 13 15 | 15.1
Shields        | 3 4 5 7 8 9 11 13 14 16 | 16.9
Fighting       | 4 5 6 7 9 10 12 14 16 | 16.2
Dodging        | 1 2 3 4 5 6 7 |  7.7
Invocations    | 2 3 5 7 |  7.0
Stealth        | 1 2 3 |  3.8

Action                   |  1- 3 |  4- 6 |  7- 9 | 10-12 | 13-15 || total
-------------------------+-------+-------+-------+-------+-------++-------
Melee: War axe           |    47 |    68 |    46 |   261 |   192 ||   614
       Kick              |       |       |    10 |    81 |    79 ||   170
Invok: Heroism           |       |       |     2 |     7 |     6 ||    15
  Use: Scroll            |       |       |     6 |     3 |       ||     9
       Potion            |       |       |     1 |    10 |     2 ||    13
 Stab: Distracted        |       |       |     1 |       |       ||     1
       Confused          |       |       |       |       |     2 ||     2
  Eat: Chunk             |       |       |     2 |     8 |     7 ||    17
       Ration            |       |       |       |     1 |       ||     1
Armor: Scale mail        |    16 |       |       |       |       ||    16
       Chain mail        |     1 |    44 |    18 |    77 |       ||   140
       Plate armour      |       |       |       |     3 |    61 ||    64
Dodge: Dodged            |    20 |    15 |     7 |    45 |    45 ||   132
Block: Shield            |    22 |    41 |    24 |    96 |   128 ||   311
       Reflection        |       |       |       |       |     3 ||     3

Table legend:
 A = Non-vault XP
 B = Vault XP
 C = Vault XP percentage of total XP
 D = Non-vault monster count
 E = Vault monster count
 F = Vault count percentage of total count
                 A         B        C        D         E       F
            +---------+---------+-------+---------+---------+-------
      Total |     104 |   60542 |  99.8 |       1 |     156 |  99.4
            +---------+---------+-------+---------+---------+-------
          D |     104 |   60542 |  99.8 |       1 |     156 |  99.4
            +---------+---------+-------+---------+---------+-------
